 Dungeon Crawl Stone Soup version 0.21.1-1-g345015fe64 (webtiles) character file.

6206 RepoMan the Martial Artist (level 10, -2/83 HPs)
             Began as a Purple Draconian Transmuter on July 11, 2018.
             Was a Priest of Wu Jian.
             Slain by a guardian serpent (23 damage)
             ... on level 9 of the Dungeon on July 12, 2018.
             The game lasted 01:01:52 (10059 turns).

RepoMan the Martial Artist (DrTm)                  Turns: 10059, Time: 01:01:53

Health: -2/83      AC:  8    Str: 13    XL:     10   Next: 61%
Magic:  15/20      EV: 15    Int: 14    God:    Wu Jian [***...]
Gold:   485        SH:  0    Dex: 14    Spells: 16/23 levels left

rFire    . . .     SeeInvis .     - Unarmed
rCold    . . .     Gourm    .   (no shield)
rNeg     . . .     Faith    .   (armour unavailable)
rPois    .         Spirit   .   (helmet restricted)
rElec    .         Reflect  .   (no cloak)
rCorr    .         Harm     .   H - +0 pair of gloves
MR       +....                  (no boots)
Stlth    +.........             l - amulet of regeneration
HPRegen  0.63/turn              (no ring)
MPRegen  0.17/turn              (no ring)

@: slowed, very slow
A: breathe power, unfitting armour, cold-blooded, AC +7
a: Breathe Dispelling Energy, Wall Jump, Serpent's Lash, Renounce Religion


You were on level 9 of the Dungeon.
You worshipped Wu Jian.
Wu Jian was most pleased with you.
You were hungry.

You visited 2 branches of the dungeon, and saw 10 of its levels.
You also visited: Ossuary.

You collected 485 gold pieces.

Inventory:

Missiles
 a - 157 arrows
 B - 6 javelins (quivered)
Armour
 H - a +0 pair of gloves (worn)
Jewellery
 l - an amulet of regeneration (around neck)
 o - a +2 amulet of reflection
 E - a cursed ring of loudness {unknown}
 G - a +2 ring of intelligence {unknown}
Wands
 n - a wand of paralysis (10)
 z - a wand of flame (18)
 F - a wand of scattershot (8)
 J - a wand of iceblast (10)
Scrolls
 d - 3 scrolls of teleportation
 f - a scroll of magic mapping {unknown}
 g - 2 scrolls of blinking {unknown}
 i - 3 scrolls of identify
 k - 3 scrolls of immolation {unknown}
 m - 6 scrolls of remove curse
 p - 2 scrolls of fear {unknown}
 s - a scroll of enchant weapon
 v - a scroll of amnesia {unknown}
 y - 2 scrolls of enchant armour {unknown}
 K - a scroll of random uselessness {unknown}
Potions
 e - 2 potions of haste
 j - 5 potions of curing
 q - 5 potions of lignification
 r - 3 potions of flight
 t - a potion of agility
 w - a potion of ambrosia {unknown}
 A - 2 potions of magic {unknown}
 C - a potion of experience {unknown}
 I - a potion of mutation {unknown}
Books
 b - a book of Changes

   Spells                             Type                      Level
   a - Beastly Appendage              Transmutation                1
   b - Sticks to Snakes               Transmutation                2
   c - Spider Form                    Transmutation/Poison         3
   d - Ice Form                       Ice/Transmutation            4
   e - Blade Hands                    Transmutation                5
 h - a book of Transfigurations

   Spells                             Type                      Level
   a - Irradiate                      Conjuration/Transmutation    5
   b - Statue Form                    Transmutation/Earth          6
   c - Hydra Form                     Transmutation                6
   d - Dragon Form                    Transmutation                7
 u - a book of Misfortune

   Spells                             Type                      Level
   a - Confusing Touch                Hexes                        1
   b - Confuse                        Hexes                        3
   c - Gell's Gravitas                Translocation                3
   d - Petrify                        Transmutation/Earth          4
   e - Metabolic Englaciation         Hexes/Ice                    5
   f - Yara's Violent Unravelling     Hexes/Transmutation          5
Comestibles
 c - 9 rations
 x - 10 chunks of flesh


   Skills:
 + Level 6.3 Fighting
 + Level 6.1 Dodging
 * Level 9.2 Unarmed Combat
 + Level 7.2 Spellcasting
 * Level 8.8 Transmutations


You had 16 spell levels left.
You knew the following spells:

 Your Spells              Type           Power        Failure   Level  Hunger
a - Beastly Appendage     Tmut           ####..       1%          1    None
c - Spider Form           Tmut/Pois      ###.......   7%          3    ##.....
t - Confusing Touch       Hex            #.....       14%         1    None
v - Sticks to Snakes      Tmut           ####....     1%          2    None


Dungeon Overview and Level Annotations

Branches:
Dungeon (9/15)             Temple (1/1) D:5            Lair (0/6) D:8
    Orc: D:9-12

Altars:
Dithmenos
Ru
Sif Muna
Wu Jian
Xom
The Shining One

Shops:
D:6 [   D:8 [

Annotations:
D:4 2 transporters


Innate Abilities, Weirdness & Mutations

You can breathe bolts of dispelling energy.
Your rich purple scales are hard. (AC +7)
You cannot fit into any form of body armour.
You are cold-blooded and may be slowed by cold attacks.


Message History

You create a snake!
You now have 160 arrows.
The guardian serpent hits you!
The guardian serpent completely misses you.
Unknown command.
Casting: Sticks to Snakes
Confirm with . or Enter, or press ? or * to list all spells.
You create 2 snakes!
You now have 158 arrows.
The guardian serpent hits you! x2
Your adder completely misses the guardian serpent.
Unknown command.
The guardian serpent casts a spell at you.
You easily resist.
Your adder bites the guardian serpent but does no damage.
Your adder misses the guardian serpent.
Your adder bites the guardian serpent.
Your adder misses the guardian serpent.
Your adder closely misses the guardian serpent.
Casting: Sticks to Snakes
Confirm with . or Enter, or press ? or * to list all spells.
You create a snake!
You now have 157 arrows.
The guardian serpent hits you!
* * * LOW HITPOINT WARNING * * *
The guardian serpent hits you!!
You die...

...##..##
#........###
.......#
#####........#
.......#
.............#
.###....
#####..####.##
# ##... #..##
##.##
/.#####...##
##.#
..#($[#....#
#.###
..#$(!#.#...#
##..#
...##+##@###.#
#.##
.....SSS.# #..
### #####.SS.#
#.. #.....# #.
##.....#
...##... ....#
#... ......
#... ......
.##


You could see a guardian serpent, 3 friendly adders and a friendly ball python.

Vanquished Creatures
  Erica (D:9)
  Joseph (D:7)
  A hornet (D:7)
  A hippogriff (D:8)
  3 basilisks (D:8)
  A hungry ghost (D:9)
  2 porcupines (D:8)
  4 orc warriors
  3 sky beasts
  2 ogres
  3 phantoms
  A black bear (D:9)
  3 wolves (D:8)
  A necrophage (D:8)
  5 centaurs
  A gnoll sergeant (D:8)
  4 bullfrogs
  2 water moccasin zombies (Ossuary)
  3 scorpions
  A water moccasin skeleton (D:7)
  A howler monkey (D:4)
  A centaur zombie (D:8)
  3 crimson imps
  2 bullfrog zombies
  A jelly (D:5)
  6 orc priests
  2 hounds
  5 iguanas
  Terence (D:2)
  6 orc wizards
  6 worker ants
  A big kobold zombie (Ossuary)
  A hound skeleton (D:4)
  2 mummies (Ossuary)
  5 adders
  13 gnolls
  3 shadow imps
  3 oozes
  7 adder zombies (Ossuary)
  An adder skeleton (D:4)
  4 worms
  A dart slug (D:1)
  7 leopard geckos
  48 orcs
  4 ball pythons
  8 bats
  5 giant cockroaches
  7 goblins
  6 hobgoblins
  6 jackals
  6 quokkas
  4 frilled lizards
  4 gnoll zombies (Ossuary)
  5 hobgoblin zombies (Ossuary)
  8 kobolds
  4 kobold zombies (Ossuary)
  3 orc zombies (Ossuary)
  A quokka skeleton (D:5)
  18 rats
262 creatures vanquished.

Vanquished Creatures (collateral kills)
  A porcupine (D:8)
  2 crocodiles (D:8)
  2 worker ants (D:4)
  2 adders
  2 dart slugs (D:3)
  An orc (D:4)
  A frilled lizard (D:3)
11 creatures vanquished.

Vanquished Creatures (others)
  An orc (D:9)
  4 fungi (D:8)
5 creatures vanquished.

Grand Total: 278 creatures vanquished

Notes
Turn   | Place    | Note
-------+----------+-------------------------------------------
     0 | D:1      | RepoMan the Draconian Transmuter began the quest for the Orb.
     0 | D:1      | Reached XP level 1. HP: 16/16 MP: 3/3
   111 | D:1      | Reached XP level 2. HP: 23/23 MP: 1/5
   115 | D:1      | Learned a level 2 spell: Sticks to Snakes
   754 | D:1      | Reached XP level 3. HP: 28/28 MP: 6/6
   762 | D:1      | Learned a level 3 spell: Spider Form
   871 | D:1      | Found a glowing golden altar of the Shining One.
  1301 | D:2      | Reached XP level 4. HP: 25/35 MP: 2/7
  1449 | D:2      | Found a faded altar of an unknown god.
  1580 | D:2      | Noticed Terence
  1591 | D:2      | Killed Terence
  1591 | D:2      | Reached skill level 4 in Unarmed Combat
  2272 | D:3      | Reached XP level 5. HP: 36/40 MP: 6/9
  2481 | D:3      | Found a deep blue altar of Sif Muna.
  2975 | D:3      | Found a glowing golden altar of the Shining One.
  3372 | D:3      | Reached XP level 6. HP: 39/48 MP: 8/10
  4095 | D:4      | Found a transporter.
  4128 | D:4      | Found a transporter.
  4171 | D:4      | Reached skill level 5 in Unarmed Combat
  4776 | D:5      | Entered Level 5 of the Dungeon
  4885 | D:5      | Your scales start taking on a rich purple colour.
  4885 | D:5      | Reached XP level 7. HP: 43/56 MP: 9/13
  5416 | D:5      | Learned a level 1 spell: Confusing Touch
  5635 | D:5      | Found a staircase to the Ecumenical Temple.
  5654 | Temple   | Entered the Ecumenical Temple
  5658 | Temple   | Became a worshipper of the Wu Jian Council
  5986 | D:5      | Reached skill level 5 in Transmutations
  6258 | D:6      | Reached skill level 6 in Unarmed Combat
  6258 | D:6      | Reached XP level 8. HP: 36/63 MP: 9/15
  6394 | D:6      | Found Misethric's Armour Shoppe.
  6789 | D:6      | Reached skill level 5 in Spellcasting
  7053 | D:7      | Found a sand-covered staircase.
  7058 | Ossuary  | Entered an ossuary
  7092 | Ossuary  | Reached * piety under Wu Jian
  7523 | D:7      | Noticed Joseph
  7547 | D:7      | Killed Joseph
  7547 | D:7      | Reached skill level 7 in Unarmed Combat
  7547 | D:7      | Reached XP level 9. HP: 70/72 MP: 13/17
  8308 | D:8      | Reached skill level 5 in Fighting
  8379 | D:8      | Reached ** piety under Wu Jian
  8396 | D:8      | Found a staircase to the Lair.
  8420 | D:8      | Reached skill level 5 in Dodging
  8420 | D:8      | Reached skill level 8 in Unarmed Combat
  8774 | D:8      | Reached XP level 10. HP: 50/82 MP: 19/19
  8835 | D:8      | Found Lestrime's Armour Shop.
  9357 | D:9      | Noticed Erica
  9369 | D:9      | Reached *** piety under Wu Jian
  9398 | D:9      | Killed Erica
  9625 | D:9      | Reached skill level 9 in Unarmed Combat
 10054 | D:9      | Noticed a guardian serpent
 10059 | D:9      | Slain by a guardian serpent

Skill      XL: |  1  2  3  4  5  6  7  8  9 10 |
---------------+-------------------------------+-----
Transmutations | 3 4 5 6 7 8 |  8.8
Unarmed Combat | 4 5 6 7 8 9 |  9.2
Dodging        | 2 3 4 5 6 |  6.1
Spellcasting   | 3 4 5 6 7 |  7.2
Fighting       | 2 3 4 5 6 |  6.3

Action                   |  1- 3 |  4- 6 |  7- 9 | 10-12 || total
-------------------------+-------+-------+-------+-------++-------
Melee: Unarmed           |   102 |   253 |   481 |   225 ||  1061
       Tailslap          |     9 |    23 |    62 |    26 ||   120
       Headbutt          |     1 |    15 |    31 |    21 ||    68
       Kick              |     7 |    14 |    47 |     9 ||    77
       Punch             |     1 |     3 |     9 |     8 ||    21
Throw: Javelin           |       |       |     2 |       ||     2
 Cast: Beastly Appendage |    19 |    37 |    33 |    18 ||   107
       Spider Form       |     1 |     5 |    14 |     3 ||    23
       Sticks to Snakes  |       |    13 |     6 |     3 ||    22
       Confusing Touch   |       |       |    45 |    24 ||    69
Invok: Lunge             |       |       |    51 |    24 ||    75
       Whirlwind         |       |       |     9 |    68 ||    77
       Wall Jump         |       |       |     2 |     3 ||     5
 Abil: Breathe Dispellin |       |       |     8 |       ||     8
  Use: Scroll            |       |       |    13 |       ||    13
       Potion            |       |       |     1 |     1 ||     2
 Stab: Sleeping          |     1 |       |     2 |       ||     3
       Distracted        |       |     1 |     1 |       ||     2
       Confused          |       |       |    15 |    19 ||    34
  Eat: Chunk             |     2 |    14 |     5 |     5 ||    26
       Ration            |       |       |     3 |       ||     3
Armor: Skin              |    27 |    56 |    55 |    20 ||   158
Dodge: Dodged            |    65 |   169 |   193 |    75 ||   502
